[Event "Azerbaijan Men-ch Final 2024"]
[Site "Baku"]
[Date "2024.04.21"]
[Round "1.1"]
[White "Rasulov, Vugar"]
[Black "Muradli, Mahammad"]
[Result "1-0"]
[ECO "B90"]
[WhiteElo "2551"]
[BlackElo "2555"]
[Annotator "TA"]
[PlyCount "121"]
[EventDate "2024.04.20"]
[EventType "k.o."]
[EventCountry "AZE"]
[SourceTitle "playchess.com"]
[Source "ChessBase"]
[SourceQuality "1"]
[TimeControl "5400+30"]

1. e4 c5 2. Nf3 d6 3. d4 cxd4 4. Nxd4 Nf6 5. Nc3 a6 6. a3 Nc6 {[%emt 0:09:11] B90: Sicilian Najdorf: Unusual White 6th moves, 6 Be3 Ng4 and 6 Be3 e5.} 7. Be2 e5 8. Nf3 h6 9. O-O Be6 10. Re1 $146 ({Predecessor:} 10. h3 Be7 11. Be3 O-O 12. Qd2 Qc7 13. Rad1 Rac8 14. Qc1 Na5 15. Rd2 b5 16. Rfd1 {0-1 Gajdosik,A-Betko,L (2263) SVK Cup Martin 2003 (3)}) 10... Rc8 11. Bf1 g6 12. Nd5 Bxd5 13. exd5 Ne7 14. c4 Bg7 15. a4 a5 16. Nd2 O-O 17. Ra3 Nd7 18. Ne4 Qc7 19. Rh3 f5 20. Nc3 g5 21. Nb5 Qb6 22. Bd2 Nc5 23. b4 axb4 24. Bxb4 Ng6 25. a5 Qd8 26. Ra3 e4 27. Bxc5 Rxc5 28. a6 bxa6 29. Rxa6 Be5 30. Rc6 Qf6 31. Rxc5 dxc5 32. d6 Qe6 33. Re2 Rd8 (33... Qxc4 $2 $18) 34. Ra2 g4 (34... Bxd6 $2 35. Rd2 (35. Ra6 $2 Bxh2+ 36. Kh1 Rxd1 $19) 35... Bxh2+ (35... e3 $2 36. Rxd6 Rxd6 37. Qxd6 $18) 36. Kxh2 Rxd2 37. Qxd2 $18) 35. Kh1 (35. Ra6 {simplifies} Nh8 36. Rc6 Nf7 37. Rxc5 Bxd6 38. Nxd6 Rxd6 39. Qa1) 35... Kg7 (35... Bxd6 $2 36. Rd2 $18 (36. Ra6 Bf8 $14)) (35... Nh8 $15) 36. Ra7+ $11 Kf6 (36... Kh8 $1 $14) 37. Qd2 (37. Nc7 $1 $16 Qg8 (37... Qxd6 $2 38. Ra6 $18) (37... Rxd6 $2 38. Qa4 $18) 38. Qd2) 37... Bf4 (37... f4 $14) 38. Qa5 $18 Rd7 $2 (38... Rxd6 {is a better defense.} 39. Nxd6 Bxd6) 39. Nc7 $18 Qf7 40. Nd5+ (40. Qxc5 Bxd6 41. Ra6 Kg7 42. Rxd6 Rxc7 $18) 40... Ke6 41. Nc7+ (41. Ra6 $142) 41... Kf6 $1 $18 42. Qxc5 Bxd6 43. Ra6 $1 Kg7 44. Rxd6 Rxc7 {[%emt 0:00:00] [#]} 45. Qb6 $1 Nf4 46. g3 (46. Rxh6 $2 Rb7 47. Qd6 Rb1 $19) 46... Nh3 {[%emt 0:00:00] [#]} 47. Qe3 $1 (47. Rxh6 Rb7 $11) 47... Ng5 48. c5 Qa2 $2 (48... Qe7 49. Qd4+ Kh7) 49. Qd4+ Kh7 50. Qf6 Nf7 51. Qxf5+ Kh8 52. Qf6+ Kh7 (52... Kg8 $18 53. Rd8+ Kh7) 53. Re6 (53. Qg6+ $142 Kh8 54. Re6 Qa8 55. c6 (55. Qxg4 Rxc5 56. Kg1 Re5 $18) (55. Rxe4 Ng5 $18) (55. Kg1 Qg8 $18) 55... h5 56. Qxh5+ (56. Rxe4 Qxc6 57. Qxh5+ Nh6 $18) 56... Kg8 57. Rg6+ (57. Rxe4 Rxc6 58. Kg1 Qd8 $18) (57. Qxg4+ Kf8 $18) 57... Kf8 58. Qc5+ (58. Qxg4 Qa1 $18) 58... Re7 59. c7 (59. Rxg4 Qa1 $18) (59. Re6 Qa7 $18)) 53... Qa8 54. c6 e3 55. fxe3 (55. Rxe3 Qxc6+ 56. Qxc6 Rxc6 $14) (55. Qg6+ $142 Kh8 56. Bd3 (56. Rxe3 Qxc6+ 57. Qxc6 Rxc6 $16) 56... Ng5 57. Re8+ (57. Rxe3 Qxc6+ 58. Qxc6 Rxc6 $14) 57... Qxe8 58. Qxe8+ Kg7 59. Qe5+ (59. Qxe3 Rxc6 60. Qe7+ Nf7 $18) (59. Qg6+ Kh8 60. Qf6+ Kg8 61. Bc4+ Kh7 62. Qf8 Rg7 63. Bd3+ Rg6) 59... Kf8 60. Qxc7) 55... Kg8 $18 56. Qf5 Qa1 57. Kg1 Qc1 58. Qf6 Kf8 59. Qf4 Rxc6 60. Rxc6 (60. Qxg4 Rxe6 61. Qxe6 Qe1 62. Qc8+ Kg7 $18) 60... Qxc6 61. Bc4 (61. Qxg4 Qc3 62. Qd4 Qc6 $18) 1-0

[Event "Azerbaijan Men-ch Final 2024"]
[Site "Baku"]
[Date "2024.04.21"]
[Round "1.1"]
[White "Babazada, Khazar"]
[Black "Suleymanli, Aydin"]
[Result "0-1"]
[ECO "C84"]
[WhiteElo "2474"]
[BlackElo "2607"]
[Annotator "TA"]
[PlyCount "98"]
[EventDate "2024.04.20"]
[EventType "k.o."]
[EventCountry "AZE"]
[SourceTitle "playchess.com"]
[Source "ChessBase"]
[SourceQuality "1"]
[TimeControl "5400+30"]

1. e4 e5 2. Nf3 Nc6 3. Bb5 a6 4. Ba4 Nf6 5. O-O Be7 6. d3 b5 7. Bb3 d6 8. Bd2 Bg4 9. c3 {[%emt 0:00:08] Inhibits Nd4.} O-O 10. h3 {[%emt 0:00:06] The position is equal.} Bh5 11. Re1 Na5 12. Bc2 c5 13. Bc1 Qc7 14. Nbd2 Rad8 15. Nf1 Rfe8 16. Ng3 Bg6 $1 17. Nh4 d5 18. Qe2 c4 19. dxc4 Nxc4 20. Nxg6 hxg6 21. exd5 Bc5 22. b3 Nb6 (22... e4 {with more complications.} 23. bxc4 Qxg3 24. Rb1 Qxc3 25. cxb5 Nxd5 26. Bxe4 Nf6) 23. d6 Bxd6 {[%emt 0:05:08] ...e4 would now be deadly.} (23... Rxd6 $2 24. b4 $18) 24. Qf3 Nbd5 25. Bd2 b4 (25... Bb4 $5 26. cxb4 (26. Bxg6 $2 Nxc3 27. Bxf7+ Kxf7 $19) 26... Qxc2 $15) 26. c4 {[%emt 0:00:25] [#]} Nc3 $1 27. Bxc3 bxc3 28. Qxc3 {[%emt 0:01:53] [#]} (28. Rad1 $11 {keeps the balance.}) 28... e4 $1 $17 29. Rad1 {[%emt 0:03:23] Dodges Nd5} (29. Bxe4 $2 {perishes.} Be5 (29... Bxg3 $2 30. Qxg3 Qxg3 31. fxg3 $19) 30. Qc1 Bxg3 $19) (29. Nxe4 $2 Bh2+ 30. Kf1 Nxe4 31. Rxe4 (31. Bxe4 $2 {loses.} Be5 $19) 31... Rxe4 32. Bxe4 Be5 $19) 29... Be5 30. Qe3 Bf4 {[%emt 0:00:15] Black is more active.} 31. Qe2 Bxg3 ({Better is} 31... Rxd1 $17 32. Rxd1 Bxg3 33. fxg3 Qxg3) 32. fxg3 $11 Qxg3 33. Qe3 Qc7 34. a3 a5 35. Kh1 Rc8 36. Qd4 Red8 37. Qe3 Rxd1 (37... a4 $5) 38. Rxd1 Qe7 39. a4 Re8 40. Kg1 Qe5 41. Qd4 $2 (41. g4 $11 {and White is okay.}) 41... Qg3 {[%emt 0:00:00] And now ...e3 would win.} 42. Qf2 Qe5 {[%emt 0:00:00] Hoping for ...e3.} 43. Qd4 Qg3 44. Qf2 {[%emt 0:00:00] [#]} Qg5 45. Qd4 (45. Re1 {was called for.}) 45... e3 $19 {[%emt 0:00:00] White must now prevent ...Qg3.} 46. Re1 Qg3 47. Re2 Nh5 {[%emt 0:00:00] ...Nf4 is the strong threat.} 48. Be4 Qf4 ({Wrong is} 48... f5 $2 49. Rxe3 Qb8 50. Bf3 $18) 49. Rxe3 Ng3 {[%emt 0:00:00] Weighted Error Value: White=0.19 (very precise) /Black=0.23 (precise) .  Loses game:     	White=1     	---        Mistake:       	White=2     	Black=1      Inaccurate:     	White=1     	Black=4      OK:         	White=23    	Black=23     Best:        	White=3     	---        Strong:       	---       	Black=1      Brilliant:      	---       	Black=1} 0-1

[Event "Azerbaijan Men-ch Final 2024"]
[Site "Baku"]
[Date "2024.04.22"]
[Round "1.2"]
[White "Suleymanli, Aydin"]
[Black "Babazada, Khazar"]
[Result "1-0"]
[ECO "B30"]
[WhiteElo "2607"]
[BlackElo "2474"]
[Annotator "TA"]
[PlyCount "43"]
[EventDate "2024.04.20"]
[EventType "k.o."]
[EventCountry "AZE"]
[SourceTitle "playchess.com"]
[Source "ChessBase"]
[SourceQuality "1"]
[TimeControl "5400+30"]

1. e4 c5 2. Nf3 Nc6 3. Bb5 e6 4. Bxc6 bxc6 5. d3 Qc7 6. Nbd2 e5 7. O-O f6 8. Nh4 {[%emt 0:05:19] The position is equal.} Ne7 (8... d6 $11 {remains equal.}) 9. f4 $1 $16 {[%emt 0:03:34] Hoping for fxe5.} exf4 (9... d5 $16) 10. Nc4 $18 g5 (10... d6 11. Bxf4 (11. Rxf4 Be6 $14) 11... Ng6) 11. Qh5+ Kd8 {[%emt 0:00:01][%cal Od7d5] [#]} 12. e5 $1 fxe5 {[%emt 0:11:12] Strongly threatening ...d5.} 13. Qxg5 Rg8 14. Qxe5 $40 {[%emt 0:06:35][%mdl 128] Black is in trouble. White has more active pieces. The black rooks are passive.} Nd5 $2 (14... Qxe5 $16 15. Nxe5 d6) 15. Qh5 ({Weaker is} 15. Bxf4 Nxf4 16. Qxf4 (16. Rxf4 Qxe5 17. Nxe5 Rb8 $18) 16... Qxf4 17. Rxf4 d5 $18) 15... d6 {[%emt 0:03:50] ...Bg4 is the strong threat.} 16. Bxf4 Be6 17. Bg3 Be7 (17... Qd7 $142 18. Rae1 Kc7 19. Rxf8 Rgxf8 20. Bxd6+ (20. Nxd6 Rg8 $18) 20... Kb7 21. Bxf8 (21. Bxc5 Bg4 $18) 21... Rxf8) 18. Rae1 Qd7 19. Qh6 Nc7 {[%emt 0:05:27] [#]} 20. Nf5 $1 {[%emt 0:02:11][%mdl 512] aiming for Nxe7.} Rg6 (20... Rxg3 21. Nxg3) 21. Qxh7 Bxf5 {[%emt 0:00:30] [#]} 22. Rxf5 $1 {[%emt 0:00:12][%mdl 512] Weighted Error Value: White=0.22 (precise) /Black=0.61.  Loses game:     	---       	Black=2      Mistake:       	White=1     	Black=3      OK:         	White=5     	Black=2      Best:        	White=3     	Black=3      Strong:       	White=1     	---} 1-0

[Event "Azerbaijan Men-ch Final 2024"]
[Site "Baku"]
[Date "2024.04.22"]
[Round "1.2"]
[White "Muradli, Mahammad"]
[Black "Rasulov, Vugar"]
[Result "1-0"]
[ECO "E15"]
[WhiteElo "2555"]
[BlackElo "2551"]
[Annotator "TA"]
[PlyCount "92"]
[EventDate "2024.04.20"]
[EventType "k.o."]
[EventCountry "AZE"]
[SourceTitle "playchess.com"]
[Source "ChessBase"]
[SourceQuality "1"]
[TimeControl "5400+30"]

1. d4 Nf6 2. c4 e6 3. Nf3 b6 4. g3 Ba6 5. Qc2 Bb7 6. Bg2 c5 7. d5 exd5 8. cxd5 Nxd5 9. O-O {[%emt 0:00:58] The position is equal.} Be7 {[%emt 0:00:06] Repels Ng5} 10. Rd1 Nc6 11. a3 (11. Rxd5 Nb4 12. Qc3 Nxd5 $17 (12... Bxd5 13. Qxg7 Bf6 14. Qh6 $15)) 11... Nc7 12. Nc3 O-O 13. Bf4 Ne6 14. Nd5 {[%emt 0:03:34][%mdl 1024] White has compensation.} Re8 15. e3 d6 16. Rd2 Bf8 17. Rad1 h6 18. h4 {[%emt 0:08:50] [#]} (18. Bxd6 $5 Bxd6 19. Nc3 $11) 18... Ncd4 19. Nxd4 $11 cxd4 20. exd4 Rc8 21. Qb3 Nxf4 22. Nxf4 Bxg2 23. Kxg2 Qd7 24. Rd3 Qc6+ 25. Nd5 Qb7 26. Rf3 Re6 27. Rf5 g6 {[%emt 0:04:30] [#]} ({Better is} 27... Qc6 $14) 28. Qf3 $1 $16 {[%emt 0:01:07] Nf6+ would now be deadly.} Kg7 (28... gxf5 $2 29. Nf6+ Rxf6 30. Qxb7 $18) 29. Rf6 Qd7 (29... Rxf6 $142 30. Qxf6+ Kg8) 30. h5 {[%emt 0:02:52] Hoping for hxg6. White has more active pieces.} Rxf6 31. Qxf6+ Kh7 32. Qf3 {[%emt 0:09:53] Black must now prevent Nf6+.} Bg7 33. Re1 $36 {[%emt 0:01:16][%mdl 2048] And now Re7 would win. White is really pushing.} Qf5 34. Qxf5 gxf5 $18 {[%emt 0:00:01][%mdl 4096] Endgame. KRB-KRN} 35. Re7 $1 Rf8 36. Nc7 f4 37. Kf3 fxg3 (37... Kg8 $16) 38. fxg3 d5 39. Ke3 (39. Nxd5 Bxd4 40. b4 (40. Rxa7 Bxb2 41. Nxb6 Kg7 $11) 40... a5 $16) 39... Kg8 40. Re8 ({And not} 40. Nxd5 Rd8 41. Nc3 (41. Ke4 $2 f5+ 42. Kxf5 Rxd5+ 43. Ke6 Rxh5 $19) 41... Bxd4+ 42. Ke4 Bxc3 43. bxc3 Rc8 $11) (40. Rd7 $142) 40... Rxe8+ 41. Nxe8 Kf8 {[%emt 0:00:00] [#]} (41... f5 42. Nd6 Bf6) 42. Nxg7 $1 Kxg7 {[%emt 0:00:00] KP-KP} 43. Kf4 Kf6 44. g4 b5 45. b4 a6 {[%emt 0:00:00] [#]} 46. g5+ $1 Kg7 {[%emt 0:11:24] Weighted Error Value: White=0.13 (very precise) /Black=0.34.  Mistake:       	White=1     	Black=5      Inaccurate:     	White=2     	Black=1      OK:         	White=13    	Black=12     Best:        	White=2     	Black=2      Strong:       	White=2     	---} (46... hxg5+ 47. Kg4) 1-0

[Event "Azerbaijan Men-ch Final 2024"]
[Site "Baku"]
[Date "2024.04.23"]
[Round "1.3"]
[White "Rasulov, Vugar"]
[Black "Muradli, Mahammad"]
[Result "0-1"]
[ECO "B90"]
[WhiteElo "2551"]
[BlackElo "2555"]
[Annotator "RC"]
[PlyCount "146"]
[EventDate "2024.04.20"]
[EventType "k.o."]
[EventCountry "AZE"]
[SourceTitle "playchess.com"]
[Source "ChessBase"]
[SourceQuality "1"]
[TimeControl "900+10"]

1. e4 c5 2. Nf3 d6 3. d4 cxd4 4. Nxd4 Nf6 5. Nc3 a6 6. a3 e5 7. Nf3 Be7 8. Bc4 Be6 9. Ba2 Nbd7 10. O-O Rc8 11. Qe2 h6 12. Nh4 Bxa2 13. Rxa2 g6 14. Nf3 Qc7 15. Rd1 Kf8 16. Be3 Kg7 17. a4 Nc5 18. Bxc5 Qxc5 19. Ne1 Qc4 20. Rd3 Rc6 21. g3 Bd8 22. b3 Qb4 23. Nd5 Qxe4 24. Qxe4 Nxe4 25. Ng2 b5 26. axb5 axb5 27. Kf1 Bb6 28. f3 Nf6 29. Ra6 Rb8 30. Nxf6 Kxf6 31. Ne3 Ke6 32. Nd5 Kd7 33. Nf6+ Kc7 34. Nd5+ Kd7 35. Nf6+ Ke6 36. Nd5 f5 37. c3 g5 38. Ke2 Kd7 39. Nf6+ Ke6 40. Nd5 h5 41. Kd1 g4 42. fxg4 hxg4 43. Kc2 Kd7 44. Nf6+ Kc7 45. Nd5+ Kd7 46. b4 Bg1 47. Ra1 Bd4 48. Kb3 Ke6 49. cxd4 Kxd5 50. dxe5+ Kxe5 51. Re1+ Kf6 52. Rd5 Rbc8 53. Rxb5 Rc2 54. Rd5 R8c3+ 55. Ka4 Ra2+ 56. Kb5 Rxh2 57. Rf1 Rh5 58. Rxd6+ Kg5 59. Rd5 Rf3 60. Rc1 Rxg3 61. Kc6 Rh6+ 62. Kc7 Re3 63. Rd7 Rb3 64. Rd4 g3 65. Rf1 Rh4 66. Rd5 Rf4 67. Rg1 Rfxb4 68. Kd6 Kg4 69. Ke6 f4 70. Rc1 Rb6+ 71. Kf7 Rb7+ 72. Ke8 g2 73. Rd6 Rb8+ 0-1

[Event "Azerbaijan Men-ch Final 2024"]
[Site "Baku"]
[Date "2024.04.23"]
[Round "1.4"]
[White "Muradli, Mahammad"]
[Black "Rasulov, Vugar"]
[Result "0-1"]
[ECO "E15"]
[WhiteElo "2555"]
[BlackElo "2551"]
[Annotator "TA"]
[PlyCount "50"]
[EventDate "2024.04.20"]
[EventType "k.o."]
[EventCountry "AZE"]
[SourceTitle "playchess.com"]
[Source "ChessBase"]
[SourceQuality "1"]
[TimeControl "900+10"]

1. d4 Nf6 2. c4 e6 3. Nf3 b6 4. g3 Ba6 5. b3 Bb4+ 6. Bd2 Be7 7. Nc3 d5 8. cxd5 exd5 9. Bg2 O-O 10. O-O Re8 11. Ne5 Bb7 12. Rc1 a6 13. Rc2 {[%emt 0:00:27] White is slightly better.} Bd6 14. Bg5 {[%emt 0:01:12] aiming for Bxf6.} Be7 15. Bc1 Nbd7 16. Bb2 Bd6 17. f4 c5 18. e3 Rc8 19. a3 Rc7 20. dxc5 (20. Na4 $11) 20... Bxc5 $17 21. Nxd5 {[%emt 0:01:00][%mdl 8192] [#] This costs White the game.} (21. Re1 $17) 21... Nxd5 22. Nxf7 (22. Bxd5 $142 Bxd5 (22... Bxe3+ $2 23. Kh1 $19) 23. Qxd5 Nxe5 (23... Bxe3+ 24. Kh1 $16) 24. Qxd8 Rxd8 25. Rxc5 Rxc5 26. Bxe5) 22... Nxe3 $19 {[%emt 0:01:07] Black is clearly winning.} 23. Rxc5 Nxd1 {[%emt 0:00:19] A dynamic duo of knights.} ({Weaker is} 23... Kxf7 24. Qh5+ Kg8 25. Rxc7 $11) 24. Nxd8 Nxc5 25. Be5 Bxg2 {[%emt 0:00:20] Weighted Error Value: White=0.76/Black=0.09 (flawless) .  Loses game:     	White=1     	---        Mistake:       	White=2     	---        Inaccurate:     	White=2     	Black=3      OK:         	White=3     	Black=4      Best:        	---       	Black=1} 0-1

[Event "Azerbaijan Men-ch Final 2024"]
[Site "Baku"]
[Date "2024.04.23"]
[Round "1.5"]
[White "Muradli, Mahammad"]
[Black "Rasulov, Vugar"]
[Result "0-1"]
[ECO "E16"]
[WhiteElo "2555"]
[BlackElo "2551"]
[Annotator "TA"]
[PlyCount "90"]
[EventDate "2024.04.20"]
[EventType "k.o."]
[EventCountry "AZE"]
[SourceTitle "playchess.com"]
[Source "ChessBase"]
[SourceQuality "1"]
[TimeControl "900+10"]

1. d4 Nf6 2. c4 e6 3. Nf3 Bb4+ 4. Bd2 Qe7 5. g3 b6 6. Bg2 Bb7 7. O-O Bxd2 8. Qxd2 O-O 9. Qc2 Be4 10. Qb3 d5 11. Nbd2 {[%emt 0:00:26] White is slightly better.} dxc4 12. Qxc4 {[%emt 0:00:08] Nxe4 is the strong threat.} Bb7 13. Rfc1 Rc8 14. b4 Bd5 15. Qc3 Nbd7 16. a3 c5 17. dxc5 bxc5 18. b5 a6 19. a4 h6 20. Nc4 axb5 21. axb5 Rab8 22. Rab1 Nb6 23. Na5 Qc7 {[%emt 0:00:35] [#]} (23... Be4 $11 24. Nc6 Rxc6 (24... Bxc6 25. bxc6 c4 26. Nd4 $16) 25. bxc6 Bxb1) 24. Qa1 ({White should try} 24. Nd4 $1 $16 ) 24... Ra8 $15 25. Qc3 $2 {[%emt 0:00:10][%mdl 8192] [#] Now White is beyond hope.} ({White should play} 25. Ne5 $15) 25... Na4 $1 $19 26. b6 $2 (26. Qe1 Qxa5 27. Qxa5 Rxa5 28. Ne5) 26... Nxc3 {[%emt 0:00:11] Black is clearly winning.} (26... Nxb6 $2 27. Nb3 $19) 27. Rxc3 Qe7 28. b7 {[%emt 0:00:08] [#]} Bxb7 $1 29. Rxb7 (29. Nxb7 Nd5) 29... Qd6 30. Nc4 Ra1+ 31. Bf1 Qa6 32. Rb6 Qa4 33. Rb2 Nd5 34. Rcc2 Rd8 35. Kg2 Nb4 36. Rc3 Ra2 {[%emt 0:00:12] White must now prevent ...Rxb2.} 37. Rb1 Rc2 38. Rbb3 Qa1 39. Rxc2 Nxc2 40. Rb7 Ne1+ 41. Nxe1 Qa8 42. Kg1 Qxb7 43. Nc2 Rd1 {[%emt 0:00:10][%cal Od1f1] ( -> ...Rxf1+!)} 44. N2e3 Rc1 45. f4 Qb3 {[%emt 0:00:09] Weighted Error Value: White=1.21/Black=0.55.  Loses game:     	White=1     	---        Mistake:       	White=2     	Black=1      Inaccurate:     	White=2     	Black=3      OK:         	White=5     	Black=6      Best:        	---       	Black=1      Strong:       	---       	Black=1} 0-1

[Event "Azerbaijan Men-ch Final 2024"]
[Site "Baku"]
[Date "2024.04.23"]
[Round "1.6"]
[White "Rasulov, Vugar"]
[Black "Muradli, Mahammad"]
[Result "0-1"]
[ECO "B25"]
[WhiteElo "2551"]
[BlackElo "2555"]
[Annotator "TA"]
[PlyCount "138"]
[EventDate "2024.04.20"]
[EventType "k.o."]
[EventCountry "AZE"]
[SourceTitle "playchess.com"]
[Source "ChessBase"]
[SourceQuality "1"]
[TimeControl "900+10"]

1. e4 c5 2. Nc3 d6 3. Nge2 Nf6 4. g3 g6 5. Bg2 Bg7 6. O-O O-O 7. d3 Nc6 8. f4 Rb8 9. h3 Nd7 10. f5 b5 11. g4 Nd4 12. g5 Bb7 13. Nf4 b4 14. Ncd5 e6 15. f6 exd5 16. fxg7 Re8 17. c3 bxc3 18. bxc3 Ne6 19. Nxd5 Bxd5 20. exd5 Nxg7 21. Bf4 Ne5 22. d4 cxd4 23. cxd4 Nc4 24. Qd3 Rb4 25. a3 Ra4 26. Rfe1 Nf5 27. Kh2 Nb6 28. Be3 Rxe3 29. Rxe3 Rxd4 30. Qc3 Na4 31. Qe1 Qxg5 32. Re4 Rxe4 33. Qxe4 Nc5 34. Qg4 Qe3 (34... Qd2 $19 {White must now prevent ...Ne3.} 35. Rd1 Qe3) 35. Rf1 $17 h5 36. Qf4 (36. Qf3 $17) 36... Qxa3 $19 37. Qg5 (37. Qd2 $142) 37... Qd3 $19 38. Rxf5 $2 (38. Rf2 {is a better chance.}) 38... Qxf5 $19 39. Qd8+ Kg7 40. Qxd6 Nd3 41. Kh1 Qe5 42. Qa3 Qe1+ 43. Kh2 Qe5+ 44. Kh1 Nf4 45. d6 (45. Qxa7 $142 Qe1+ (45... Nxd5 46. Qa5 $14) (45... Nxg2 $2 46. Kxg2 Qxd5+ 47. Kh2 $19) 46. Kh2) 45... Qe1+ $19 46. Kh2 Qd2 47. Qf3 Qxd6 (47... a5 $142 48. d7 Nxg2 49. Qxg2 Qxd7 50. Qb2+ Kh7) 48. Bf1 $19 Qe5 49. Qa3 a5 50. Kh1 Ne6 51. Bg2 Nd4 52. Qb2 Qe1+ 53. Kh2 Qb4 54. Qf2 Qd6+ 55. Kh1 a4 56. Qa2 a3 57. Qc4 Nf5 58. Qc3+ Kg8 59. Qc8+ Kh7 60. Qc4 Qe7 61. Qa2 Kg8 62. Bd5 Qe1+ 63. Kh2 Qg3+ 64. Kh1 Qxh3+ 65. Kg1 Qe3+ (65... Ne3 $142 66. Bxf7+ Kg7 67. Be6 Qg3+ 68. Kh1 Qe1+ 69. Kh2 g5 70. Bh3 g4 71. Bxg4 Nf1+ (71... Nxg4+ {is a self mate.} 72. Kh3 Qe3+ 73. Kg2 Qe5 74. Kf3 Qb2 75. Qe6 Qf6+ 76. Qxf6+ Kxf6 77. Ke2 a2 78. Kd3 a1=Q 79. Kc4 Ne5+ 80. Kb5 Qb2+ 81. Kc5 h4 82. Kd6 Qc1 83. Kd5 Qc4+ 84. Kd6 Qc6#) 72. Kh1 hxg4 (72... Ne3+ 73. Kh2 Nf1+ 74. Kh1 hxg4 75. Qf2 Ng3+ 76. Kg2 Qxf2+ 77. Kxf2 Nh5 78. Kf1 a2 79. Ke2 a1=Q 80. Kd3 g3 81. Ke4 g2 82. Kd5 g1=Q 83. Kd6 Qb6+ 84. Kd7 Nf6+ 85. Ke7 Qe5#) 73. Qf2 Ng3+ 74. Kg2 Qxf2+ 75. Kxf2 Nf5 (75... a2 {leads to mate.} 76. Ke3 a1=Q 77. Kd3 Qc1 78. Kd4 Qc2 79. Ke5 Qd3 80. Ke6 Nf5 81. Ke5 Kg6 82. Kf4 Qd4#) 76. Ke1 a2 77. Ke2 a1=Q (77... a1=B {gets mated.} 78. Kf1 g3 79. Kg2 Kf6 80. Kf1 Kg5 81. Kg2 Kf4 82. Kh1 Nh4 83. Kg1 Kf3 84. Kf1 g2+ 85. Ke1 Ke3 86. Kd1 Kd3 87. Ke1 g1=Q#) 78. Kd3 Qd4+ 79. Kc2 g3 80. Kb3 g2 81. Kc2 g1=Q (81... g1=B 82. Kb3 Qd3+ 83. Kb4 Nd6 84. Ka4 Bc5 85. Ka5 Qb5#) 82. Kb3 Qgd1+ 83. Ka3 Q1a4#) 66. Kh2 Qe5+ 67. Kg1 Qd4+ 68. Kh1 Nd6 69. Qb3 Qa1+ 0-1

[Event "Azerbaijan Men-ch Final 2024"]
[Site "Baku"]
[Date "2024.04.23"]
[Round "1.7"]
[White "Muradli, Mahammad"]
[Black "Rasulov, Vugar"]
[Result "1-0"]
[ECO "A30"]
[WhiteElo "2555"]
[BlackElo "2551"]
[Annotator "TA"]
[PlyCount "69"]
[EventDate "2024.04.20"]
[EventType "k.o."]
[EventCountry "AZE"]
[SourceTitle "playchess.com"]
[Source "ChessBase"]
[SourceQuality "1"]
[TimeControl "900+10"]

1. Nf3 Nf6 2. c4 b6 3. g3 Bb7 4. Bg2 c5 5. O-O g6 6. Nc3 Bg7 7. Re1 d6 8. e4 Nbd7 (8... Nc6 $11) 9. d4 $14 cxd4 10. Nxd4 O-O {[%emt 0:00:34][%cal Of6g4] White is slightly better.} 11. b3 {[%emt 0:00:19] White is more active.} a6 (11... Nc5 $14) 12. Bb2 (12. e5 $1 $16 dxe5 13. Bxb7 exd4 14. Bxa8 (14. Qxd4 Nc5 $17)) 12... Ne5 {[%emt 0:00:19] [#]} (12... e6 $11) 13. Qe2 (13. f4 $1 $18 {is the precise move to win.}) 13... e6 14. h3 (14. f4 $16) 14... Qe7 15. Rad1 {[%emt 0:00:12] Hoping for f4.} Rac8 (15... Qc7 $14) 16. Nc2 (16. f4 $16) 16... Rfd8 17. Rd2 h5 (17... Ned7 $14) 18. Red1 ({Better is} 18. f4 $16) 18... h4 19. f4 $16 (19. gxh4 Bh6 $15 (19... Nh5 20. Qe3 $11)) 19... Nc6 20. g4 (20. gxh4 Nh5 $11) 20... g5 21. fxg5 (21. e5 $16 dxe5 22. Ba3 (22. fxe5 Nd7 $16) (22. fxg5 Nh7 $14)) 21... Nh7 $11 22. Qf2 b5 $1 23. cxb5 axb5 24. Ne3 b4 {[%emt 0:00:20] [#]} (24... Qxg5 $15 {keeps the upper hand.} 25. Rxd6 Bd4 26. R6xd4 Rxd4 (26... Nxd4 27. Ncd5 $14) 27. Rxd4 Nxd4) 25. Ncd5 $1 $36 {[%emt 0:00:21][%mdl 2048] Black is under strong pressure.} exd5 (25... Qxg5 $16 26. Bxg7 Kxg7) 26. Bxg7 $18 {[%emt 0:00:11] Threatens to win with Bf6.} (26. Nf5 Qxg5 27. Bxg7 (27. Nxg7 d4 $18) 27... Ne5) 26... Qxg5 27. Nf5 (27. Rxd5 Qxg7 28. Nf5 Qf8 29. Qxh4 (29. Nxh4 Ne5 $17) (29. Nxd6 Rb8 $15) 29... Ne5 30. Nh6+ Kg7 (30... Kh8 $2 31. Rxe5 dxe5 32. Rxd8 $18) 31. Nf5+ Kh8 $17) 27... dxe4 (27... Ne5 28. Qb6 (28. exd5 Rc3 $18) (28. Bh6 Qf6 $18) 28... Rd7 29. exd5 (29. Qxb4 Re8 $18) 29... Qg6 30. Bxe5 (30. Nxh4 Qxg7 31. Nf5 Qg5 $17) (30. Qxb4 Re8 $18) 30... dxe5 31. Qxb4 Qf6) 28. Bh6 {[%emt 0:00:10] A strong pair of Bishops.} Qg6 29. Rxd6 Rxd6 30. Rxd6 f6 {[%emt 0:00:22] [#]} 31. Rxc6 $1 Qe8 (31... Qf7 32. Rd6) 32. Rxc8 Bxc8 33. Nd6 Qe6 34. Nxc8 Qxc8 35. Bxe4 {[%emt 0:00:11] Weighted Error Value: White=0.35/Black=1.01.  Loses game:     	---       	Black=2      Mistake:       	White=6     	Black=6      Inaccurate:     	White=3     	Black=3      OK:         	White=4     	Black=4      Best:        	White=1     	---        Strong:       	White=1     	Black=1} 1-0